 Dungeon Crawl Stone Soup version 0.32-a0-818-gb728d0252e (webtiles) character file.

Game seed: 6431301371431469534

58 cforsyth the Digger (level 3, 0/19 HPs)
             Began as a Deep Elf Earth Elementalist on Mar 24, 2024.
             Hit by a stone thrown by a kobold (2 damage)
             ... on level 3 of the Dungeon.
             The game lasted 00:03:04 (1659 turns).

cforsyth the Digger (Deep Elf Earth Elementalist)   Turns: 1659, Time: 00:03:05

Health: 0/19       AC:  3    Str:  5    XL:     3   Next: 75%
Magic:  7/10       EV: 12    Int: 21    God:
Gold:   92         SH:  0    Dex: 15    Spells: 8/9 levels left

rFire   . . .        (no weapon)
rCold   + . .        (no shield)
rNeg    . . .        a - +0 robe
rPois   .            (no helmet)
rElec   .            (no cloak)
rCorr   .            (no gloves)
SInv    .            i - +0 pair of boots
Will    .....        (no amulet)
Stlth   ++           C - ring of protection from cold
HPRegen 0.23/turn    (no ring)
MPRegen 0.12/turn

%: no passive effects
@: no status effects
A: no striking features
a: no special abilities


You were on level 3 of the Dungeon.
You visited 1 branch of the dungeon, and saw 3 of its levels.

You collected 92 gold pieces.


   Skills:
 + Level 3.1 Dodging
 + Level 3.2 Stealth
 + Level 3.6 Spellcasting
 + Level 2.0 Conjurations
 + Level 3.7 Earth Magic


You had 8 spell levels left.
You knew the following spells:

 Your Spells              Type           Power      Damage    Failure   Level
z - Sandblast             Erth           38%        2d10      2%          1

Your spell library contained the following spells:

 Spells                   Type           Power      Damage    Failure   Level
 Passwall                 Erth           19%        N/A       9%          3
 Stone Arrow              Conj/Erth      32%        3d9       12%         3
 Freeze                   Ice            12%        1d3       13%         1
 Hailstorm                Conj/Ice       8%         3d5       24%         3
 Frozen Ramparts          Ice            6%         1d1       36%         3
 Brom's Barrelling Bould  Conj/Erth      16%        2d4       36%         4
 Petrify                  Alch/Erth      11%        N/A       50%         4

Inventory:

Armour
 a - a +0 robe (worn)
 i - a +0 pair of boots (worn)
Jewellery
 C - a ring of protection from cold (left hand)
Scrolls
 c - a scroll of teleportation {@r2}
 f - a scroll of blinking
Potions
 b - a potion of magic
 e - a potion of curing {@q1}
 g - a potion of enlightenment
 j - a potion of mutation

Dungeon Overview and Level Annotations

Branches:
Dungeon (3/15)

Altars:
Nemelex Xobeh

..≈.....≈... ###'
..≈≈...≈≈.. #...
#....⚑....## +...
#.≈≈...≈≈..# #...
#.≈.....≈..# #...
##...≈.≈....# #...
#...≈≈.≈≈...####
#...
#.l.....#..#.###...
#.@.....#...#...#..
#.#...#.#.##..⌠.ß#.
#.#.###.#.##.⌠..###
#K... ..#.##...#∩#ß
#.#######.#.#ß#⚑#..
... ..######..⌠
###. ## #ß.⌠. #.
##... #.###


You could see an iguana and a kobold.


Message History

You hear the slow rusting of a very distant drain.
A hobgoblin comes into view.
The blast of sand hits the hobgoblin!
You kill the hobgoblin!
Found 12 gold pieces.
Found an escape hatch in the floor.
You open the door.
Found a chain mail.
There is an open door here.
Found a faded altar of an unknown god.
There is an empty arch of ancient stone here.
There is a faded altar of an unknown god here.
You hear the rusting of a very distant drain.
Found a sparkling altar of Nemelex Xobeh.
An iguana comes into view.
The iguana hisses angrily.
A kobold comes into view. It is wielding a +0 whip.
The blast of sand hits the iguana!
The iguana is heavily wounded.
The iguana barely misses you. The iguana bites you.
The blast of sand hits the iguana but does no damage.
The iguana is heavily wounded.
The iguana barely misses you.
The kobold throws a stone.
The stone hits you.
The blast of sand hits the iguana but does no damage.
The iguana is heavily wounded.
The iguana bites you!
Ouch! That really hurt!
* * * LOW HITPOINT WARNING * * *
The kobold throws a stone.
The stone hits you.
You die...

Skill      XL: |  1  2  3 |
---------------+----------+-----
Stealth        | 3 |  3.2
Dodging        | 3 |  3.1
Conjurations   | 2 |  2.0
Spellcasting   | |  3.6
Earth Magic    | |  3.7

Action                     || total
---------------------------++-------
  Melee: Unarmed           ||     1
   Cast: Sandblast         ||    52
    Use: Scroll            ||     7
 Armour: Robe              ||    14
  Dodge: Dodged            ||    10

Levels and vault maps discovered:
D:1:      amcnicky_arrival_double_pillar, layout_loops_ring
D:2:      layout_rooms
D:3:      layout_basic, mainiacjoe_overflow_small_starburst,
          mainiacjoe_sewer_entry_somewhere_in_here_2,
          shapermc_ecumenical_altar_venn

Notes
Turn   | Place    | Note
-------+----------+-------------------------------------------
     0 | D:1      | cforsyth the Deep Elf Earth Elementalist began the quest
                  | for the Orb.
     0 | D:1      | Reached XP level 1. HP: 10/10 MP: 6/6
   181 | D:1      | Reached XP level 2. HP: 15/15 MP: 5/8
   772 | D:1      | Reached skill level 3 in Stealth
   986 | D:2      | Reached XP level 3. HP: 19/19 MP: 7/9
  1111 | D:2      | Reached skill level 3 in Dodging
  1176 | D:2      | Reached skill level 2 in Conjurations
  1632 | D:3      | Found a faded altar of an unknown god.
  1647 | D:3      | Found a sparkling altar of Nemelex Xobeh.
  1659 | D:3      | Hit by a stone thrown by a kobold

Vanquished Creatures
  2 adders (D:2)
  2 dart slugs
  3 bats
  2 endoplasms (D:1)
  3 giant cockroaches (D:1)
  4 hobgoblins
  2 jackals (D:1)
  3 quokkas
  A ball python (D:1)
  A frilled lizard (D:2)
  5 goblins
  2 kobolds
  4 rats
34 creatures vanquished.

Table legend: (Time is in decaauts)
 A = Elapsed time spent in this place.
 B = Non-inter-level travel time spent in this place.
 C = Inter-level travel time spent in this place.
 D = Time resting spent in this place.
 E = Time spent auto-exploring this place.
 F = Levels seen in this place.
 G = Mean time per level.
                   A        B        C        D        E       F      G
               +--------+--------+--------+--------+--------+-----+--------+
         Total |   1683 |   1641 |     42 |     33 |   1262 |   3 |  561.0 |
       Dungeon |   1683 |   1641 |     42 |     33 |   1262 |   3 |  561.0 |
               +--------+--------+--------+--------+--------+-----+--------+

Top non-repeatable levels by time:
     D:1: 936 daAuts
     D:2: 581 daAuts
     D:3: 166 daAuts

Table legend:
 A = Non-vault XP
 B = Vault XP
 C = Vault XP percentage of total XP
 D = Non-vault monster count
 E = Vault monster count
 F = Vault count percentage of total count
                 A         B        C        D         E       F
            +---------+---------+-------+---------+---------+-------
      Total |      83 |       0 |   0.0 |      34 |       0 |   0.0
            +---------+---------+-------+---------+---------+-------
        D:1 |      39 |       0 |   0.0 |      22 |       0 |   0.0
        D:2 |      42 |       0 |   0.0 |      11 |       0 |   0.0
        D:3 |       2 |       0 |   0.0 |       1 |       0 |   0.0
            +---------+---------+-------+---------+---------+-------
